 Dungeon Crawl Stone Soup version 0.22-a0-422-g9628fc8 (webtiles) character file.

48 KristoblXynda the Cudgeler (level 3, 0/33 HPs)
             Began as a Naga Gladiator on May 22, 2018.
             Slain by a leopard gecko (2 damage)
             ... on level 2 of the Dungeon.
             The game lasted 00:03:32 (609 turns).

KristoblXynda the Cudgeler (Naga Gladiator)          Turns: 609, Time: 00:03:32

Health: 0/33       AC:  7    Str: 21    XL:     3   Next: 72%
Magic:  3/3        EV:  9    Int:  9    God:
Gold:   96         SH:  0    Dex: 12    Spells: 2/2 levels left

rFire    . . .     SeeInvis +   a - +1 flail
rCold    . . .     Gourm    .   (no shield)
rNeg     . . .     Faith    .   j - +0 ring mail
rPois    +         Spirit   .   c - +0 helmet
rElec    .         Reflect  .   (no cloak)
rCorr    .         Harm     .   e - +2 pair of gloves
MR       .....                  (no barding)
Stlth    +.........             (no amulet)
HPRegen  0.11/turn              m - +5 ring of strength
MPRegen  0.08/turn              (no ring)

@: short of breath, very slow
A: large, see invisible, deformed body, poison resistance, slowness 2, slow
metabolism 1, spit poison 1, AC +1
a: Spit Poison


You were on level 2 of the Dungeon.
You were not hungry.

You visited 1 branch of the dungeon, and saw 2 of its levels.

You collected 96 gold pieces.

Inventory:

Hand Weapons
 a - a +1 flail (weapon)
Missiles
 d - 3 throwing nets (quivered)
Armour
 c - a +0 helmet (worn)
 e - a +2 pair of gloves (worn)
 j - a +0 ring mail (worn)
Jewellery
 m - a +5 ring of strength (left hand)
Scrolls
 b - a scroll of identify
 i - a scroll of remove curse
Potions
 l - a potion of mutation
Comestibles
 f - 3 rations


   Skills:
 - Level 2.3 Fighting
 + Level 3.8 Maces & Flails
 - Level 2.1 Throwing
 + Level 0.0 Armour
 + Level 2.8 Dodging
 + Level 0.2 Stealth


You had 2 spell levels left.
You didn't know any spells.
Your spell library was empty.

Dungeon Overview and Level Annotations

Branches:
Dungeon (2/15)

Altars:


Innate Abilities, Weirdness & Mutations

You cannot wear boots.
Your serpentine skin is tough. (AC +1)
You have supernaturally acute eyesight. (SInv)
Armour fits poorly on your strangely shaped body.
Your system is resistant to poisons. (rPois)
You cover ground very slowly.
You have a slow metabolism.
You can spit poison.


Message History

You kill the jackal!
You feel slightly more hungry. The bat hits you but does no damage.
The bat barely misses you. The jackal closely misses you.
You sock the jackal!
You kill the jackal!
The bat barely misses you. The leopard gecko barely misses you.
The bat hits you but does no damage.
The leopard gecko bites you but does no damage.
Found 18 gold pieces.
The bat hits you but does no damage.
You have got your breath back.
The bat closely misses you. The bat hits you but does no damage.
The leopard gecko hisses menacingly.
The leopard gecko barely misses you.
Press: ? - help, Shift-Dir - straight line, f - leopard gecko, p - goblin
Aim: a leopard gecko The splash of poison misses the leopard gecko.
You feel slightly more hungry. The bat hits you but does no damage. x2
The leopard gecko bites you.
You die...

. #..............
....##h§...........
#.....K§S.##.......
......§S§Sh###.....
#..(...K##)#.......
#........#(S.#....$
....####.##K.......
..#. #.hKKl...... .
# #..##b@.....## #
####..#... ..# #.
..# ##


You could see an adder, a leopard gecko, 2 jackals, a bat, a ball python and 3
kobolds.

Vanquished Creatures
  An adder (D:2)
  A dart slug (D:1)
  3 leopard geckos (D:1)
  4 giant cockroaches
  6 goblins
  4 hobgoblins (D:1)
  2 jackals (D:2)
  A quokka (D:2)
  A ball python (D:1)
  2 frilled lizards (D:1)
  3 kobolds (D:1)
  4 rats
32 creatures vanquished.

Notes
Turn   | Place    | Note
-------+----------+-------------------------------------------
     0 | D:1      | KristoblXynda the Naga Gladiator began the quest for the Orb.
     0 | D:1      | Reached XP level 1. HP: 19/19 MP: 1/1
   126 | D:1      | Reached XP level 2. HP: 23/26 MP: 2/2
   366 | D:1      | Reached XP level 3. HP: 28/32 MP: 3/3
   603 | D:2      | HP: 1/33 [jackal (2)]
   609 | D:2      | Slain by a leopard gecko

Vault maps used:
D:1:      dpeg_arrival_boxes_within_box, minmay_quantized
D:2:      kennysheep_vampire_church, first_ration, kennysheep_okawaru_gauntlet

Skill      XL: |  1  2  3 |
---------------+----------+-----
Throwing       | 2 |  2.1
Fighting       | |  2.3
Maces & Flails | |  3.8
Dodging        | |  2.8
Stealth        | |  0.2

Action                   || total
-------------------------++-------
Melee: Flail             ||    74
 Abil: Spit Poison       ||     5
  Use: Scroll            ||     5
Armor: Leather armour    ||    22
       Ring mail         ||    55
Dodge: Dodged            ||    60

Table legend:
 A = Spawn XP
 B = Non-spawn XP
 C = Spawn XP percentage of total XP
 D = Spawn monster count
 E = Non-spawn monster count
 F = Spawn count percentage of total count
 G = Total turns spent on level
                    A         B        C        D         E        F      G
               +---------+---------+-------+---------+---------+-------+---------
         Total |       0 |      69 |   0.0 |       0 |      32 |   0.0 |   609
               +---------+---------+-------+---------+---------+-------+---------
           D:1 |       0 |      44 |   0.0 |       0 |      24 |   0.0 |   580
           D:2 |       0 |      25 |   0.0 |       0 |       8 |   0.0 |    29
               +---------+---------+-------+---------+---------+-------+---------
